 Dungeon Crawl Stone Soup version bcrawl-1.40.3b (webtiles) character file.

Game seed: 1886257345852891212

278935 Amelense the Basher (level 10, -21/107 HPs)
             Began as an Ent Monk on Feb 6, 2024.
             Was an Elder of Cheibriados.
             Demolished by a death yak (22 damage)
             ... on level 8 of the Dungeon.
             The game lasted 00:30:09 (8002 turns).

Amelense the Basher (Ent Monk)                      Turns: 8002, Time: 00:30:10

Health: -21/107    AC: 17    Str: 36    XL:     10   Next: 1%
Magic:  0/11       EV: 14    Int: 20    God:    Cheibriados [****..]
Gold:   341        SH:  0    Dex: 21    Spells: 9/9 levels left

rFire    . . .     GDR:     38% z - +0 giant spiked club
rCold    . . .     SeeInvis .   (shield currently unavailable)
rNeg     + + +     Gourm    .   (armour unavailable)
rPois    +         Faith    .   b - +0 hat
rElec    .         Spirit   +   (no cloak)
rCorr    .         Reflect  .   (gloves unavailable)
MR       +....     Clarity  +   (boots unavailable)
Stlth    +++.......             c - amulet of guardian spirit
HPRegen  0.27/turn              (no ring)
MPRegen  0.12/turn              (no ring)

@: mighty, very slow
A: large, slow actions, passwall, strong branches, negative energy resistance 3,
poison resistance, slow metabolism 1, torment resistance, unbreathing, AC +17
a: Passwall, Bend Time, Defer, Temporal Distortion, Renounce Religion


You were on level 8 of the Dungeon.
You worshipped Cheibriados.
Cheibriados was greatly pleased with you.
You were full.

You visited 2 branches of the dungeon, and saw 9 of its levels.

You collected 836 gold pieces.
You spent 495 gold pieces at shops.

Inventory:

Hand Weapons
 a - a +0 quarterstaff
 r - a +0 scimitar of holy wrath
 z - a +0 giant spiked club (weapon)
Armour
 b - a +0 hat (worn)
Jewellery
 c - an amulet of guardian spirit (around neck)
Wands
 h - a wand of flame (16)
 j - a wand of iceblast (5)
 l - a wand of polymorph (3)
 p - a wand of random effects (15)
 y - a wand of clouds (3)
 E - a wand of disintegration (12)
Scrolls
 d - 7 scrolls of remove curse
 i - 5 scrolls of identify
 m - 4 scrolls of amnesia
 o - 2 scrolls of blinking
 u - a scroll of enchant weapon {unknown}
 v - 2 scrolls of enchant armour {unknown}
 x - 5 scrolls of teleportation
 A - a scroll of revelation {unknown}
Potions
 f - 2 potions of berserk rage {unknown}
 g - 4 potions of lignification
 k - 4 potions of curing
 n - 2 potions of might
 q - a potion of cancellation {unknown}
 s - a potion of flight {unknown}
 t - 3 potions of heal wounds {unknown}
 w - a potion of agility {unknown}
 B - a potion of magic {unknown}
 C - a potion of resistance {unknown}
 D - a potion of mutation {unknown}
Comestibles
 e - 14 rations {!d}


   Skills:
 + Level 6.9 Fighting
 * Level 13.3(13.7) Maces & Flails
 + Level 5.0(9.0) Staves
 + Level 5.2 Dodging
 - Level 2.8 Stealth
 + Level 2.4 Invocations


You had 9 spell levels left.
You didn't know any spells.
Your spell library contained the following spells:

 Spells                   Type           Power        Failure   Level  Hunger
 Magic Dart               Conj           #...         19%         1    None
 Blink                    Tloc           N/A          28%         2    ####...
 Call Imp                 Summ           #.....       28%         2    ####...
 Conjure Flame            Conj/Fire      #.......     50%         3    #####..
 Mephitic Cloud           Conj/Pois/Air  #.......     50%         3    #####..
 Spider Form              Tmut/Pois      Unusable     N/A         3    N/A

Dungeon Overview and Level Annotations

Branches:
Dungeon (8/12)             Temple (1/1) D:4
   Lair: D:7-9          Orc: D:8-11

Altars:
Ashenzari
Cheibriados
Dithmenos
Elyvilon
Fedhas
Gozag
Hepliaklqana
Lugonu
Makhleb
Nemelex Xobeh
Okawaru
Qazlal
Ru
Sif Muna
Uskayaw
Vehumet
Wu Jian
Xom
Yredelemnul
Zin
The Shining One

Shops:
D:8 }


Innate Abilities, Weirdness & Mutations

You move and act slowly.
You can pass through walls and trees.
Your branches can wield two-handed weapons with a shield.
Your thick bark is tough. (AC +17)
You are too large for most types of armour.
You are immune to negative energy. (rN+++)
Your system is resistant to poisons. (rPois)
You have a slow metabolism.
You are immune to unholy pain and torment.
You can survive without breathing.


Message History

The death yak gores you!
An orc comes into view.
The death yak misses you. The death yak closely misses you.
The orc wizard casts a spell.
The orc wizard blinks!
The death yak misses you. The death yak gores you!
An orc comes into view.
The death yak gores you! The death yak gores you!!
* * * LOW HITPOINT WARNING * * *
You hear a shout!
You feel very mighty all of a sudden.
The death yak gores you but does no damage.
The death yak gores you!!
* * * LOW HITPOINT WARNING * * *
The death yak gores you but does no damage.
The death yak gores you!
* * * LOW HITPOINT WARNING * * *
The death yak gores you but does no damage.
The death yak gores you!!
You die...

#####........#######......
##[.......## #......
#.........#####......
########..............
#.<....#....#....#####
##..............####
####...............#
##..Y..............
#sY@Y..............
#.YYY..............
#..F...............
..............(......
###..o....)......#...
....####.....(.<... ......
........... ..o...
####.###.. ..o...


You could see 6 death yaks, a bullfrog, a scorpion and 2 orcs.

Vanquished Creatures
  Pikel (D:5)
  3 hippogriffs
  A spriggan (D:7)
  A hungry ghost (D:6)
  A water moccasin (D:3)
  An orc warrior (D:7)
  A cane toad skeleton (D:8)
  2 phantoms
  3 ogres
  A bullfrog (D:6)
  3 centaurs
  A scorpion (D:8)
  A killer bee (D:6)
  2 wights (D:7)
  2 howler monkeys (D:5)
  3 orc priests
  4 crimson imps
  A quasit (D:8)
  4 orc wizards
  2 bullfrog zombies
  2 hounds (D:5)
  2 jellies
  3 bullfrog skeletons
  Ijyb (D:4)
  Jessica (D:3)
  3 iguanas
  8 worker ants
  2 hound skeletons (D:5)
  2 worker ant zombies
  6 gnolls
  A howler monkey skeleton (D:4)
  14 adders
  2 shadow imps
  An ooze (D:4)
  5 adder skeletons
  2 worms
  A leopard gecko (D:3)
  25 orcs
  A ball python (D:2)
  7 bats
  2 giant cockroaches
  3 goblins
  18 hobgoblins
  9 jackals
  5 quokkas
  4 frilled lizards
  A jackal zombie (D:6)
  7 kobolds
  5 rats (D:1)
  5 fungi (D:7)
186 creatures vanquished.

Vanquished Creatures (others)
  A slave (D:5)
  An ogre (D:5)
  5 toadstools (D:7)
7 creatures vanquished.

Grand Total: 193 creatures vanquished

Notes
Turn   | Place    | Note
-------+----------+-------------------------------------------
     0 | D:1      | Amelense the Ent Monk began the quest for the Orb.
     0 | D:1      | Reached XP level 1. HP: 25/25 MP: 2/2
   285 | D:1      | Reached XP level 2. HP: 33/33 MP: 3/3
   566 | D:1      | Reached XP level 3. HP: 33/40 MP: 2/4
  1183 | D:2      | Found a shattered altar of Ashenzari.
  1307 | D:2      | Found a shimmering altar of Xom.
  1412 | D:2      | Found a hide-covered altar of Uskayaw.
  1412 | D:2      | Found a basalt altar of Yredelemnul.
  1708 | D:3      | Reached XP level 4. HP: 48/51 MP: 5/5
  1827 | D:3      | Found a blossoming altar of Fedhas.
  1827 | D:3      | Found a sacrificial altar of Ru.
  1828 | D:3      | Found a corrupted altar of Lugonu.
  1946 | D:3      | Noticed Jessica
  1949 | D:3      | Killed Jessica
  1983 | D:3      | Noticed a water moccasin
  2164 | D:3      | Found a burning altar of Makhleb.
  2164 | D:3      | Found an ornate altar of the Wu Jian Council.
  2164 | D:3      | Found a hazy altar of Hepliaklqana.
  2447 | D:3      | Reached XP level 5. HP: 28/58 MP: 2/6
  2575 | D:3      | Killed a water moccasin
  2798 | D:4      | Noticed Ijyb
  2836 | D:4      | Reached XP level 6. HP: 66/68 MP: 7/7
  3047 | D:4      | Reached skill level 5 in Staves
  3084 | D:4      | Found a staircase to the Ecumenical Temple.
  3259 | D:4      | Killed Ijyb
  3433 | D:4      | Reached skill level 5 in Fighting
  3433 | D:4      | Reached skill level 1 in Maces & Flails
  3486 | D:4      | Reached skill level 2 in Maces & Flails
  3755 | D:4      | Reached XP level 7. HP: 72/78 MP: 6/8
  4090 | D:5      | Entered Level 5 of the Dungeon
  4096 | D:5      | Reached skill level 3 in Maces & Flails
  4130 | D:5      | Reached skill level 4 in Maces & Flails
  4135 | D:5      | Reached skill level 5 in Maces & Flails
  4475 | D:5      | Reached skill level 6 in Maces & Flails
  4577 | D:5      | Reached XP level 8. HP: 83/88 MP: 9/9
  4924 | D:5      | Noticed Pikel
  4936 | D:5      | Killed Pikel
  4937 | D:5      | Reached skill level 8 in Maces & Flails
  4944 | D:5      | Reached skill level 9 in Maces & Flails
  5571 | Temple   | Entered the Ecumenical Temple
  5745 | Temple   | Became a worshipper of Cheibriados the Contemplative
  5745 | Temple   | Reached * piety under Cheibriados
  5745 | Temple   | Reached ** piety under Cheibriados
  6037 | D:6      | Reached skill level 10 in Maces & Flails
  6157 | D:6      | Noticed a hippogriff
  6166 | D:6      | Killed a hippogriff
  6167 | D:6      | Reached XP level 9. HP: 91/96 MP: 8/10
  6179 | D:6      | Reached skill level 11 in Maces & Flails
  6387 | D:6      | Reached *** piety under Cheibriados
  7068 | D:7      | Reached skill level 12 in Maces & Flails
  7321 | D:7      | Found a shadowy altar of Dithmenos.
  7448 | D:7      | Reached skill level 5 in Dodging
  7658 | D:7      | Found Nuruiv's Food Boutique.
  7669 | D:7      | Bought a ration for 55 gold pieces
  7669 | D:7      | Bought a ration for 55 gold pieces
  7669 | D:7      | Bought a ration for 55 gold pieces
  7669 | D:7      | Bought a ration for 55 gold pieces
  7669 | D:7      | Bought a ration for 55 gold pieces
  7669 | D:7      | Bought a ration for 55 gold pieces
  7669 | D:7      | Bought a ration for 55 gold pieces
  7669 | D:7      | Bought a ration for 55 gold pieces
  7669 | D:7      | Bought a ration for 55 gold pieces
  7708 | D:8      | Reached skill level 13 in Maces & Flails
  7722 | D:8      | Reached **** piety under Cheibriados
  7880 | D:8      | Found Cikedgh's Gadget Shop.
  7908 | D:8      | Reached XP level 10. HP: 107/107 MP: 11/11
  7993 | D:8      | Noticed a death yak
  7993 | D:8      | Noticed a death yak
  7993 | D:8      | Noticed a death yak
  7993 | D:8      | Noticed a death yak
  7996 | D:8      | Noticed a death yak
  7997 | D:8      | Noticed a death yak
  8002 | D:8      | HP: 1/107 [death yak (10)]
  8002 | D:8      | Demolished by a death yak

Skill      XL: |  1  2  3  4  5  6  7  8  9 |
---------------+----------------------------+-----
Dodging        | 3 4 5 |  5.2
Staves         | 4 5 |  5.0
Fighting       | 4 5 6 |  6.9
Maces & Flails | 2 6 10 13 | 13.3
Stealth        | |  2.8
Invocations    | |  2.4

Action                   |  1- 3 |  4- 6 |  7- 9 | 10-12 || total
-------------------------+-------+-------+-------+-------++-------
Melee: Quarterstaff      |   125 |    99 |       |       ||   224
       Giant club        |       |    24 |   116 |       ||   140
       Giant spiked club |       |       |   144 |    12 ||   156
 Abil: Passwall          |       |     7 |     4 |       ||    11
Evoke: Wand              |       |       |       |     3 ||     3
  Use: Potion            |     1 |       |     1 |     1 ||     3
       Scroll            |       |     2 |     6 |       ||     8
 Stab: Sleeping          |     3 |       |     4 |       ||     7
       Distracted        |       |       |     2 |       ||     2
  Eat: Chunk             |     5 |     3 |    10 |       ||    18
       Ration            |       |     3 |     5 |       ||     8
Armor: Skin              |   182 |    98 |   348 |    16 ||   644
Dodge: Dodged            |   215 |   105 |   400 |    17 ||   737
